 Dungeon Crawl Stone Soup version 0.29.0-13-gc9e81de378 (webtiles) character file.

Game seed: 10095290821878747511

82 fruktkakan1 the Chopper (level 4, 0/41 HPs)
             Began as a Minotaur Berserker on Sept 7, 2022.
             Was a Believer of Trog.
             Slain by a hobgoblin (5 damage)
             ... led by Robin
             ... on level 2 of the Dungeon.
             The game lasted 00:08:57 (1529 turns).

fruktkakan1 the Chopper (Minotaur Berserker)        Turns: 1529, Time: 00:08:57

Health: 0/41       AC:  2    Str: 23    XL:     4   Next: 21%
Magic:  3/3        EV:  9    Int:  4    God:    Trog [**....]
Gold:   89         SH:  0    Dex: 10    Spells: 3/3 levels left

rFire   . . .      SeeInvis .   j - +9 spear "Ger Maack" {drain, rN++}
rCold   . . .      Faith    .   (no shield)
rNeg    + + .      Spirit   .   b - +0 animal skin
rPois   .          Reflect  .   (helmet restricted)
rElec   .          Harm     .   (no cloak)
rCorr   .          Rampage  .   (no gloves)
Will    .....                   (no boots)
Stlth   +.........              e - amulet of regeneration
HPRegen 0.93/turn               n - ring of flight
MPRegen 0.08/turn               (no ring)

@: lethally poisoned (0 -> -2), flying, constricted
A: horns 2, retaliatory headbutt
a: Renounce Religion, Berserk, Trog's Hand


You were on level 2 of the Dungeon.
You worshipped Trog.
Trog was pleased with you.
You visited 1 branch of the dungeon, and saw 3 of its levels.

You collected 89 gold pieces.

Inventory:

Hand Weapons
 a - a +0 hand axe
 j - the +9 spear "Ger Maack" (weapon) {drain, rN++}
   (You found it on level 3 of the Dungeon)

   A truly terrible weapon, it drains the life of any living foe it strikes.
   rN:        It greatly protects you from negative energy.
Armour
 b - a +0 animal skin (worn)
Jewellery
 e - an amulet of regeneration (around neck)
 n - a ring of flight (left hand)
Scrolls
 d - 3 scrolls of poison
 f - a scroll of silence
 g - a scroll of amnesia
 h - a scroll of teleportation
Potions
 c - a potion of might
 i - a potion of lignification {unknown}
 k - a potion of mutation
 l - a potion of attraction {unknown}
 m - a potion of curing {unknown}


   Skills:
 + Level 4.6 Fighting
 + Level 4.8 Axes
 + Level 2.8 Armour
 + Level 2.8 Dodging


You had 3 spell levels left.
You didn't know any spells.
Your spell library was empty.

Dungeon Overview and Level Annotations

Branches:
Dungeon (3/15)

Altars:

Annotations:
D:2 Robin


Innate Abilities, Weirdness & Mutations

You have a pair of horns on your head.
You reflexively headbutt those who attack you in melee.


Message History

The hobgoblin hits you. The goblin hits you with a +0 club.
The hobgoblin hits you.
The hobgoblin hits you but does no damage.
You see here a hobgoblin corpse.
You puncture the hobgoblin!
You kill the hobgoblin!
Trog accepts your kill.
The hobgoblin barely misses you. x2; The hobgoblin misses you.
Robin misses you. You furiously retaliate!
You headbutt Robin. You hit the hobgoblin but do no damage.
You drain the hobgoblin.
The hobgoblin is severely wounded.
The hobgoblin hits you. The goblin closely misses you. You furiously retaliate!
You headbutt the goblin. The hobgoblin closely misses you.
The hobgoblin completely misses you. Robin closely misses you.
You furiously retaliate!
You headbutt Robin! You closely miss the hobgoblin.
The hobgoblin is severely wounded.
The hobgoblin closely misses you. The goblin barely misses you.
The hobgoblin hits you. The hobgoblin closely misses you.
You furiously retaliate!
You headbutt the hobgoblin!
You kill the hobgoblin!
Trog accepts your kill. Robin hits you with a +2 whip of venom.
You are poisoned.
You puncture the goblin!
You kill the goblin!
Trog accepts your kill.
You feel very sick. The hobgoblin hits you. Robin closely misses you.
The hobgoblin hits you.
* * * LOW HITPOINT WARNING * * *
The ball python bites you but does no damage.
The ball python grabs you. The ball python constricts you.
You closely miss the ball python.
You feel sick.
The ball python bites you but does no damage.
The ball python constricts you.
* * * LOW HITPOINT WARNING * * *
The hobgoblin hits you.
* * * LOW HITPOINT WARNING * * *
The hobgoblin hits you.
You die...

...##.........##### ###
..................###..
...........#........#.#
...<.......#..........####
...........#.............
......#................#
.......................####.####
..................#..)..>......#
..........>....g@).............#
...............gSg.####........#
............#..)...............#
......##....#.....รท............#
.<..####....#..................#
....# ......#......:............
...........[#.........?.........
###.......####.........###.
#.......# #####...###


You could see Robin, 2 hobgoblins and a ball python.

Vanquished Creatures
  A hound (D:2)
  A gnoll (D:1)
  A dart slug (D:1)
  6 bats
  5 endoplasms (D:1)
  A giant cockroach (D:1)
  8 goblins
  5 hobgoblins
  A quokka (D:3)
  2 ball pythons
  3 frilled lizards (D:1)
  3 kobolds
  2 rats
39 creatures vanquished.

Vanquished Creatures (others)
  A fungus (D:1)
  A plant (D:1)
2 creatures vanquished.

Grand Total: 41 creatures vanquished

Notes
Turn   | Place    | Note
-------+----------+-------------------------------------------
     0 | D:1      | fruktkakan1 the Minotaur Berserker began the quest for the
                  | Orb.
     0 | D:1      | Reached XP level 1. HP: 19/19 MP: 0/0
   135 | D:1      | Reached XP level 2. HP: 13/27 MP: 1/1
   396 | D:1      | Reached XP level 3. HP: 28/33 MP: 2/2
   401 | D:1      | Found a faded altar of an unknown god.
   725 | D:2      | Noticed Robin
   732 | D:2      | Reached ** piety under Trog
   740 | D:3      | Reached XP level 4. HP: 20/41 MP: 3/3
   767 | D:3      | Identified the +9 spear "Ger Maack" {drain, rN++}
  1529 | D:2      | Slain by a hobgoblin

Illustrated notes

Levels and vault maps discovered:
D:1:      denvon_arrival_planthouse, layout_rooms, shapermc_ecumenical_altar_gd,
          minmay_tetromino_o4
D:2:      layout_basic, uniq_jessica, uniq_robin
D:3:      layout_basic

Skill      XL: |  1  2 |
---------------+-------+-----
Fighting       | 4 |  4.6
Axes           | 4 |  4.8
Armour         | |  2.8
Dodging        | |  2.8

Action                   |  1- 3 |  4- 6 || total
-------------------------+-------+-------++-------
Melee: Hand axe          |    51 |     2 ||    53
       Headbutt          |     9 |     1 ||    10
       Punch             |     1 |       ||     1
       Spear             |       |    17 ||    17
  Use: Scroll            |     2 |     4 ||     6
       Potion            |     1 |       ||     1
Armor: Animal skin       |    11 |     6 ||    17
Dodge: Dodged            |    43 |    24 ||    67
